 Dungeon Crawl Stone Soup version 0.30-a0-777-ga9a30cbeda (webtiles) character file.

Game seed: 9259337782960789007

1116 retardedninja the Cudgeller (level 8, -3/50 HPs)
             Began as a Gargoyle Fighter on Feb 13, 2023.
             Was an Initiate of Gozag.
             Slain by a wight
             ... wielding a +5 battleaxe
              (13 damage)
             ... on level 5 of the Dungeon.
             The game lasted 00:10:32 (5375 turns).

retardedninja the Cudgeller (Gargoyle Fighter)      Turns: 5375, Time: 00:10:32

Health: -3/50      AC: 16    Str: 23    XL:     8   Next: 34%
Magic:  8/8        EV:  9    Int:  8    God:    Gozag
Gold:   268        SH:  5    Dex:  9    Spells: 7/7 levels left

rFire   . . .      SeeInvis .    a - +0 flail
rCold   . . .      Faith    .    c - +0 buckler
rNeg    + . .      Spirit   .    b - +0 scale mail
rPois   ∞          Reflect  .    o - +2 hat
rElec   +          Harm     .    (no cloak)
rCorr   .          Rampage  .    p - +0 pair of gloves
Will    .....                    (no boots) Stlth
                                 e - amulet of the acrobat
HPRegen 0.28/turn                (no ring)
MPRegen 0.11/turn                (no ring)

@: no status effects
A: sickness immunity, AC +5, negative energy resistance 1, electricity
resistance, torment resistance 1, petrification resistance
a: Renounce Religion, Potion Petition, Call Merchant, Bribe Branch


You were on level 5 of the Dungeon.
You worshipped Gozag.
Gozag was aware of your devotion.
You visited 2 branches of the dungeon, and saw 7 of its levels.

You collected 386 gold pieces.
You paid 118 gold pieces to Gozag.

Inventory:

Hand Weapons
 a - a +0 flail (weapon)
Missiles
 E - 4 javelins (quivered)
 F - 4 silver javelins
Armour
 b - a +0 scale mail (worn)
 c - a +0 buckler (worn)
 o - a +2 hat (worn)
 p - a +0 pair of gloves (worn)
Jewellery
 e - an amulet of the acrobat (around neck)
 i - a ring of protection from fire
 s - an amulet of reflection
 v - a ring of ice
Wands
 k - a wand of iceblast (6)
 n - a wand of flame (17)
 y - a wand of paralysis (25)
Scrolls
 d - a scroll of fog {unknown}
 f - 3 scrolls of vulnerability
 h - 2 scrolls of noise {unknown}
 l - a scroll of magic mapping {unknown}
 m - a scroll of poison {unknown}
 q - 2 scrolls of fear {unknown}
 u - 5 scrolls of identify
 w - a scroll of enchant weapon {unknown}
 x - 2 scrolls of blinking {unknown}
 z - 2 scrolls of enchant armour {unknown}
 A - a scroll of teleportation {unknown}
 D - a scroll of acquirement {unknown}
Potions
 g - 3 potions of mutation
 j - a potion of degeneration
 r - a potion of flight
 t - a potion of resistance {unknown}
 B - a potion of curing {unknown}
 C - a potion of haste


   Skills:
 + Level 5.5 Fighting
 * Level 5.9 Maces & Flails
 + Level 2.7 Throwing
 + Level 5.4 Armour
 + Level 5.5 Shields


You had 7 spell levels left.
You didn't know any spells.
Your spell library contained the following spells:

 Spells                   Type           Power      Damage    Failure   Level
 Ignite Poison            Fire/Tmut/Pois 0%         N/A       99%         3
 Kindle Blastsparks       Fire/Tloc/Air  0%         2d10      99%         3
 Petrify                  Tmut/Erth      0%         N/A       100%        4
 Freezing Cloud           Conj/Ice/Air   0%         6-21      100%        5
 Irradiate                Conj/Tmut      0%         3d11      100%        5
 Sublimation of Blood     Necr           Unusable   N/A       N/A         2

Dungeon Overview and Level Annotations

Branches:
Dungeon (6/15)             Temple (1/1) D:5

Altars:
Ashenzari
Cheibriados
Dithmenos
Elyvilon
Gozag
Hepliaklqana
Kikubaaqudgha
Makhleb
Nemelex Xobeh
Okawaru
Qazlal
Ru
Sif Muna
Trog
Uskayaw
Vehumet
Wu Jian
Xom
Yredelemnul
Zin
The Shining One

Shops:
D:2 *

Annotations:
Temple 2 transporters


Innate Abilities, Weirdness & Mutations

You are immune to sickness and miasma.
Your stone body is resilient. (AC +5)
You are immune to poison.
You resist negative energy. (rN+)
You are resistant to electric shocks. (rElec)
You are resistant to unholy torment.
You are immune to petrification.


Message History

You are too injured to fight recklessly!
You are too injured to fight recklessly!
You are too injured to fight recklessly!
You are too injured to fight recklessly!
You are too injured to fight recklessly!
You are too injured to fight recklessly!
You are too injured to fight recklessly!
You are too injured to fight recklessly!
You are too injured to fight recklessly!
You are too injured to fight recklessly!
The wight attacks as you move away! The wight hits you with a +5 battleaxe.
You block the wight's attack. The wight attacks as you move away!
The wight misses you. The wight attacks as you move away!
The wight completely misses you. The wight attacks as you move away!
The wight completely misses you.
There is a stone staircase leading up here.
You climb upwards.
There is a stone staircase leading down here.
The wight closely misses you. You block the wight's attack.
The wight attacks as you move away! You block the wight's attack.
You closely miss the wight. The wight hits you but does no damage.
You sock the wight!
The wight is heavily damaged.
The wight hits you with a +5 battleaxe!
You hit the wight but do no damage.
The wight is heavily damaged.
The wight hits you with a +5 battleaxe. The wight hits you but does no damage.
You hit the wight.
The wight is almost destroyed.
The wight hits you with a +5 battleaxe!
* * * LOW HITPOINT WARNING * * *
You hit the wight but do no damage.
The wight is almost destroyed.
You block the wight's attack.
You barely miss the wight.
The wight is almost destroyed.
The wight hits you with a +5 battleaxe!
You die...
Your body crumbles into a pile of gold.

....♣.♣._.♣..♣..###.#.......###..
...♣.♣♣...♣♣.♣...................
...♣♣.♣♣♣♣♣.♣..##..##............
....♣♣.♣.♣....######.............
.....♣♣...♣♣.## #.............
......♣♣..♣...## ##.............
......#........# ##....[.........
...............###...........#...
...(........(...@zz><.......#....
...).#...####.#####..#......#....
.).#....###....####(.#......#..#.
..##...........##.#............#.
..##........##........##.......#.
..##..#.#.......##.....##....#...
).##.####....#............##.##..
[[...#####...####.........##..#..
.))#..........##.......#..#......


You could see 2 wights.

Vanquished Creatures
  An ice beast (D:5)
  2 black bears (D:4)
  An ogre (D:5)
  2 phantoms
  2 scorpions
  A howler monkey (D:5)
  2 bullfrog zombies (D:5)
  An orc priest (D:5)
  Ijyb (D:4)
  Terence (D:3)
  2 iguanas
  A killer bee zombie (D:5)
  3 hound zombies (D:5)
  4 gnolls (D:5)
  5 adders
  12 orcs
  8 bats
  10 endoplasms
  6 giant cockroaches
  6 hobgoblins
  6 jackals
  5 quokkas
  10 ball pythons
  4 frilled lizards
  4 goblins (D:1)
  7 kobolds
  8 rats
115 creatures vanquished.

Notes
Turn   | Place    | Note
-------+----------+-------------------------------------------
     0 | D:1      | retardedninja the Gargoyle Fighter began the quest for the
                  | Orb.
     0 | D:1      | Reached XP level 1. HP: 14/14 MP: 1/1
   118 | D:1      | Reached XP level 2. HP: 17/19 MP: 2/2
   127 | D:1      | Found a faded altar of an unknown god.
   565 | D:1      | Reached XP level 3. HP: 17/23 MP: 3/3
  1524 | D:2      | Reached XP level 4. HP: 29/29 MP: 4/4
  1876 | D:2      | Found Olirghauk's General Store.
  2199 | D:3      | Noticed Terence
  2209 | D:3      | Killed Terence
  2439 | D:3      | Reached XP level 5. HP: 33/33 MP: 5/5
  3102 | D:4      | Noticed a black bear
  3113 | D:4      | Killed a black bear
  3114 | D:4      | Reached skill level 1 in Throwing
  3114 | D:4      | Reached XP level 6. HP: 14/39 MP: 6/6
  3263 | D:4      | Noticed Ijyb
  3281 | D:4      | Killed Ijyb
  3543 | D:4      | Noticed a black bear
  3549 | D:4      | Killed a black bear
  3550 | D:4      | Reached XP level 7. HP: 38/44 MP: 7/7
  3776 | D:4      | Found a burning altar of Makhleb.
  3794 | D:4      | Found a shimmering blue altar of Sif Muna.
  4079 | D:5      | Entered Level 5 of the Dungeon
  4123 | D:5      | Reached skill level 5 in Shields
  4124 | D:5      | Reached skill level 5 in Fighting
  4124 | D:5      | Reached skill level 5 in Maces & Flails
  4139 | D:5      | Reached skill level 5 in Armour
  4433 | D:5      | Reached XP level 8. HP: 44/49 MP: 8/8
  4514 | D:5      | Found a basalt altar of Yredelemnul.
  4669 | D:5      | Found a staircase to the Ecumenical Temple.
  5035 | Temple   | Entered the Ecumenical Temple
  5035 | Temple   | Found a transporter.
  5035 | Temple   | Found a transporter.
  5037 | Temple   | Found a transporter.
  5037 | Temple   | Found a transporter.
  5067 | Temple   | Became a worshipper of Gozag Ym Sagoz the Greedy
  5375 | D:5      | Slain by a wight

Illustrated notes

Levels and vault maps discovered:
D:1:      minmay_arrival_stair_chambers, layout_basic,
          shapermc_ecumenical_altar_mp_ritualfount
D:2:      layout_basic, serial_shops, shop
D:3:      layout_basic, uniq_terence
D:4:      layout_basic, nicolae_overflow_crystal_walls, bloody_makhleb,
          uniq_ijyb
D:5:      layout_cave_pools, nicolae_yredelemnul_corpse_copse,
          minmay_temple_entry_large_hall
D:6:      layout_rooms, eino_curves_01, uniq_sigmund
Temple:   hellmonk_temple_divided_pantheon

Skill      XL: |  1  2  3  4  5  6  7 |
---------------+----------------------+-----
Fighting       | 4 5 |  5.5
Maces & Flails | 3 4 5 |  5.9
Shields        | 4 5 |  5.5
Armour         | 4 5 |  5.4
Throwing       | 1 2 |  2.7

Action                     |  1- 3 |  4- 6 |  7- 9 || total
---------------------------+-------+-------+-------++-------
  Melee: Flail             |   151 |   123 |   143 ||   417
  Throw: Dart              |     5 |     7 |       ||    12
         Javelin           |       |    17 |    18 ||    35
         Throwing net      |       |       |     1 ||     1
  Evoke: Wand              |       |     3 |     2 ||     5
    Use: Scroll            |       |     4 |       ||     4
         Potion            |       |     2 |     4 ||     6
 Armour: Scale mail        |   126 |    83 |   105 ||   314
  Dodge: Dodged            |   108 |    74 |    86 ||   268
  Block: Buckler           |    42 |    36 |    56 ||   134

Table legend: (Time is in decaauts)
 A = Elapsed time spent in this place.
 B = Non-inter-level travel time spent in this place.
 C = Inter-level travel time spent in this place.
 D = Time resting spent in this place.
 E = Time spent auto-exploring this place.
 F = Levels seen in this place.
 G = Mean time per level.
                   A        B        C        D        E       F      G
               +--------+--------+--------+--------+--------+-----+--------+
         Total |   5460 |   5300 |    160 |   1037 |   2981 |   7 |  780.0 |
       Dungeon |   5409 |   5249 |    160 |   1037 |   2981 |   6 |  901.5 |
        Temple |     50 |     50 |      0 |      0 |      0 |   1 |   50.0 |
               +--------+--------+--------+--------+--------+-----+--------+

Top non-repeatable levels by time:
     D:5: 1228 daAuts
     D:1: 1215 daAuts
     D:4: 1169 daAuts
     D:2: 912 daAuts
     D:3: 860 daAuts
  Temple: 50 daAuts
     D:6: 22 daAuts
